 Dungeon Crawl Stone Soup version 0.28.0-43-g3370ac3207 (webtiles) character file.

Game seed: 16433732007368687090

33542 Pemander the Unseen (level 13, 0/61 HPs)
             Began as a Felid Enchanter on Mar 21, 2022.
             Was the Champion of Dithmenos.
             Shot with an arrow by a centaur (10 damage)
             ... led by a centaur warrior
             ... on level 15 of the Dungeon.
             The game lasted 01:18:04 (36927 turns).

Pemander the Unseen (Felid Enchanter)              Turns: 36927, Time: 01:18:05

Health: 0/61       AC:  3    Str:  8    XL:     13   Next: 37%
Magic:  19/21      EV: 32    Int: 18    God:    Dithmenos [******]
Gold:   1337       SH:  0    Dex: 16    Spells: 9/22 levels left
                                        Lives:  0   Deaths: 4

rFire   . . .      SeeInvis +     - Unarmed
rCold   + . .      Faith    .   (shield unavailable)
rNeg    . . .      Spirit   .   (armour unavailable)
rPois   .          Reflect  .   (helmet unavailable)
rElec   .          Harm     .   (cloak unavailable)
rCorr   .          Rampage  .   (gloves unavailable)
Will    ++...                   (boots unavailable) Stlth ****++++++
                                O - amulet of regeneration
HPRegen 1.00/turn               i - +4 ring of evasion
MPRegen 0.17/turn               K - ring of willpower

@: wreathed by umbra, quick
A: very small, claws 1, fangs 3, see invisible, speed 1, shaggy fur 3, stealthy
paws, no weapons or thrown items, no armour, multi-lived
a: Renounce Religion, Shadow Step, Shadow Form


You were on level 15 of the Dungeon.
You worshipped Dithmenos.
Dithmenos was exalted by your worship.
You visited 4 branches of the dungeon, and saw 24 of its levels.
You visited 1 bazaar.
You also visited: Ossuary, Bailey and Ice Cave.

You collected 3154 gold pieces.
You spent 1817 gold pieces at shops.

Inventory:

Jewellery
 d - an amulet of guardian spirit
 i - a +4 ring of evasion (left paw)
 A - a ring of resist corrosion
 J - a ring of flight
 K - a ring of willpower (right paw)
 M - an amulet of magic regeneration
 O - an amulet of regeneration (around neck)
 P - a ring of protection from fire
 Q - a ring of protection from cold
 R - a ring of poison resistance
Wands
 v - a wand of iceblast (23)
 B - a wand of digging (16)
 C - a wand of flame (26)
 F - a wand of charming (4)
 H - a wand of acid (8)
 L - a wand of paralysis (5)
 N - a wand of polymorph (1)
Scrolls
 c - 6 scrolls of fog
 g - 6 scrolls of immolation
 j - 8 scrolls of teleportation
 k - 2 scrolls of identify
 q - 4 scrolls of summoning
 s - a scroll of silence {unknown}
 w - 2 scrolls of amnesia {unknown}
 x - 2 scrolls of fear {unknown}
 y - 4 scrolls of magic mapping
 E - 4 scrolls of vulnerability {unknown}
Potions
 a - 3 potions of invisibility
 b - a potion of resistance
 e - 5 potions of haste
 h - 6 potions of might
 l - a potion of mutation
 m - 15 potions of curing
 n - 3 potions of ambrosia
 o - 6 potions of lignification
 p - 11 potions of flight
 r - a potion of heal wounds
 t - 3 potions of brilliance
 u - 4 potions of berserk rage
 z - 2 potions of attraction
 G - 3 potions of cancellation
Miscellaneous
 f - a piece from Xom's chessboard (15/15)
 D - a lightning rod (4/4)
 I - a phantom mirror


   Skills:
 - Level 10.0 Fighting
 - Level 16.0 Dodging
 - Level 19.0 Stealth
 - Level 12.3 Unarmed Combat
 - Level 5.1 Spellcasting
 + Level 15.1 Hexes
 - Level 5.0 Translocations
 - Level 10.1 Evocations


You had 9 spell levels left.
You knew the following spells:

 Your Spells              Type           Power      Damage    Failure   Level
a - Ensorcelled Hibernat  Hex/Ice        62%        N/A       1%          2
b - Confusing Touch       Hex            56%        N/A       1%          3
c - Tukima's Dance        Hex            56%        N/A       1%          3
d - Dazzling Flash        Conj/Hex       62%        N/A       1%          3
e - Blink                 Tloc           44%        N/A       2%          2

Your spell library contained the following spells:

 Spells                   Type           Power      Damage    Failure   Level
 Sandblast                Erth           8%         2d5       13%         1
 Passage of Golubria      Tloc           22%        N/A       16%         4
 Summon Mana Viper        Hex/Summ       31%        N/A       16%         5
 Yara's Violent Unravell  Hex/Tmut       15%        3d8       16%         5
 Passwall                 Tmut/Erth      3%         N/A       21%         2
 Static Discharge         Conj/Air       4%         N/A       21%         2
 Stone Arrow              Conj/Erth      8%         3d7       36%         3
 Manifold Assault         Tloc           22%        N/A       41%         5
 Dispel Undead            Necr           4%         3d7       78%         4
 Sticky Flame             Conj/Fire      4%         2d3       78%         4
 Summon Forest            Summ/Tloc      6%         N/A       78%         5
 Discord                  Hex            28%        N/A       86%         8
 Blade Hands              Tmut           2%         N/A       98%         5
 Conjure Ball Lightning   Conj/Air       2%         3x3d6     100%        6
 Summon Cactus Giant      Summ           2%         N/A       100%        6
 Malign Gateway           Summ/Tloc      6%         N/A       100%        7
 Storm Form               Tmut/Air       2%         N/A       100%        7
 Disjunction              Tloc           11%        N/A       100%        8
 Summon Horrible Things   Summ           2%         N/A       100%        8
 Portal Projectile        Hex/Tloc       Unusable   N/A       N/A         3
 Excruciating Wounds      Necr           Unusable   N/A       N/A         5

Dungeon Overview and Level Annotations

Branches:
Dungeon (15/15)            Temple (1/1) D:4            Lair (6/6) D:10
 Shoals (0/4) Lair:4       Spider (0/4) Lair:2        Slime (0/5) Lair:5
    Orc (2/2) D:9             Elf (0/3) Orc:2        Vaults (0/5) D:13
 Depths (0/4) D:15        Ossuary (visited)          Bailey (visited)
  IceCv (visited)

Altars:
Ashenzari
Cheibriados
Dithmenos
Elyvilon
Fedhas
Gozag
Hepliaklqana
Kikubaaqudgha
Makhleb
Nemelex Xobeh
Okawaru
Qazlal
Ru
Sif Muna
Trog
Uskayaw
Vehumet
Wu Jian
Xom
Yredelemnul
Zin
The Shining One
Beogh

Shops:
D:11 (   Orc:2 =(*[

Annotations:
D:8 Erica
Lair:6 3 runed translucent doors, styxcanada's ghost, journeyman SpBr


Innate Abilities, Weirdness & Mutations

You have sharp claws.
You have razor-sharp teeth.
You have supernaturally acute eyesight. (SInv)
You cover ground quickly. (Speed+)
Your thick and shaggy fur keeps you warm. (AC +3, rC+)
Your paws help you pounce on unaware monsters.
You are incapable of wielding weapons or throwing items.
You cannot wear armour.
You gain extra lives every three experience levels.


Message History

The centaur shoots an arrow.
The arrow barely misses the centaur warrior.
The arrow barely misses you.
The centaur warrior shoots an arrow.
The arrow hits you.
The centaur shoots an arrow.
The arrow hits the centaur warrior!
Things that are here:
a +0 shortbow of flaming; 21 arrows; a centaur corpse You scratch the centaur warrior.
The centaur warrior is moderately wounded.
The centaur warrior unwields a +0 shortbow.
The centaur warrior misses you.
The centaur warrior kicks you but does no damage.
The centaur warrior simulacrum closely misses you.
The centaur warrior simulacrum completely misses you.
You scratch the centaur warrior.
The centaur warrior is moderately wounded.
Your shadow barely misses the centaur warrior.
The centaur wields a +0 shortbow.
The centaur shoots an arrow.
The arrow misses you.
The centaur warrior simulacrum closely misses you.
The centaur warrior simulacrum kicks you.
The centaur warrior simulacrum freezes you.
You resist.
You emit a cloud of dark smoke.
The centaur shoots an arrow.
The arrow completely misses you.
Unknown command.
You scratch the centaur warrior.
The centaur warrior is moderately wounded.
Your shadow barely misses the centaur warrior.
The centaur is no longer blind.
The centaur warrior completely misses you. x2
The centaur shoots an arrow.
The arrow hits you!
You emit a cloud of dark smoke.
The centaur warrior simulacrum hits you!
The centaur warrior simulacrum freezes you!
You resist.
* * * LOW HITPOINT WARNING * * *
The centaur warrior simulacrum completely misses you.
Unknown command.
The centaur shoots an arrow.
The arrow hits you!
You die...

... #...........
....... #....)......
........# #...........
......?.# #...........
.$......# #...........
........# #...........
........# #......[....
......§§###...........
......c§@§§....(......
....c.§§c§§...........
......Z####..........
....... #..........
....... #..........
....... #..........
....... #..........
....... #..........
....... #..........


You could see a centaur warrior (blind), a centaur and a centaur warrior
simulacrum.

Vanquished Creatures
  3 orc warlords
  A fire dragon (Lair:6)
  3 boulder beetles
  7 hydras
  An ice dragon (Lair:3)
  An anaconda (Lair:6)
  6 two-headed ogres
  2 centaur warriors (D:14)
  2 tengu warriors
  Urug (D:10)
  4 death yaks (Lair:6)
  4 orc high priests (Orc:2)
  An orb spider (Lair:2)
  A wizard (D:13)
  A lindwurm (Lair:6)
  Pikel (D:5)
  7 orc knights
  3 deep elf pyromancers
  13 ugly things
  2 orc sorcerers (Orc:2)
  5 cyclopes
  A wolf spider (Lair:5)
  A salamander (shapeshifter) (D:12)
  6 elephants
  A manticore (D:11)
  An oklob plant (Lair:4)
  An eye of devastation (Lair:5)
  Maurice (D:9)
  A merfolk siren (Lair:4)
  6 black mambas
  Maggie (Lair:2)
  An unseen horror (D:12)
  8 cane toads
  Psyche (D:10)
  5 torpor snails (Lair:6)
  8 komodo dragons
  2 tengu conjurers (D:14)
  8 trolls
  4 tyrant leeches (Lair:6)
  10 polar bears
  8 hornets (Lair:6)
  3 slime creatures (D:12)
  2 raiju (Lair:6)
  6 dream sheep (Lair:3)
  17 blink frogs
  5 wyverns
  A wraith (D:13)
  63 yaks
  10 basilisks
  6 vampire mosquitoes
  Edmund (D:4)
  4 wargs (Lair:6)
  9 water moccasins
  15 hell hounds (Lair:6)
  A floating eye (Lair:5)
  2 sky beasts
  46 orc warriors
  16 black bears
  23 wolves
  8 ogres
  A lemure (D:5)
  13 bullfrogs
  A gnoll sergeant (D:8)
  3 cane toad simulacra (IceCv)
  A water moccasin zombie (D:5)
  2 scorpions
  2 elephant simulacra (IceCv)
  3 wights (D:9)
  5 electric eels
  13 howler monkeys
  6 centaur zombies
  A centaur skeleton (D:7)
  17 orc priests
  4 bullfrog skeletons
  Jessica (D:2)
  27 orc wizards
  Natasha (twice) (D:3)
  3 iguanas
  A polar bear simulacrum (IceCv)
  A hound zombie (D:5)
  A hound skeleton (D:4)
  8 mummies (Ossuary)
  3 howler monkey zombies
  11 gnolls
  18 adders
  2 shadow imps
  2 white imps
  An adder skeleton (D:5)
  3 worms
  A dart slug (D:3)
  82 orcs
  11 endoplasms
  2 giant cockroaches
  9 goblins
  2 hobgoblins (D:3)
  7 jackals
  5 quokkas
  6 ball pythons
  6 bats
  3 frilled lizards
  5 hobgoblin zombies (Ossuary)
  2 jackal zombies (D:4)
  4 kobolds
  2 kobold zombies (Ossuary)
  An orc zombie (Ossuary)
  4 rats
690 creatures vanquished.

Vanquished Creatures (collateral kills)
  A two-headed ogre (D:13)
1 creature vanquished.

Vanquished Creatures (others)
  7 dancing weapons
  2 centaurs (D:15)
  An orc (D:9)
  43 fungi
  83 plants
136 creatures vanquished.

Grand Total: 827 creatures vanquished

Notes
Turn   | Place    | Note
-------+----------+-------------------------------------------
     0 | D:1      | Pemander the Felid Enchanter began the quest for the Orb.
     0 | D:1      | Reached XP level 1. HP: 7/7 MP: 4/4
   435 | D:1      | Reached XP level 2. HP: 8/11 MP: 6/6
   555 | D:1      | Learned a level 2 spell: Ensorcelled Hibernation
   586 | D:1      | Reached skill level 5 in Hexes
  1205 | D:2      | Reached skill level 5 in Stealth
  1400 | D:2      | Noticed Jessica
  1434 | D:2      | Reached XP level 3. HP: 14/14 MP: 4/7
  2097 | D:2      | Learned a level 3 spell: Confusing Touch
  2719 | D:2      | Killed Jessica
  2720 | D:2      | Reached XP level 4. HP: 12/18 MP: 5/8
  3058 | D:2      | You fall into a shaft and drop 1 floor!
  3297 | D:3      | Reached skill level 6 in Stealth
  3453 | D:3      | Noticed Natasha
  3607 | D:3      | Killed Natasha
  3608 | D:3      | Reached skill level 1 in Fighting
  4069 | D:3      | Reached XP level 5. HP: 16/22 MP: 9/9
  4096 | D:3      | Noticed Natasha
  4101 | D:3      | Killed Natasha
  4883 | D:4      | Gained mutation: You are covered in thick fur. (AC +2)
                  | [Felid growth]
  4883 | D:4      | Reached XP level 6. HP: 19/26 MP: 1/10
  4932 | D:4      | Found a sand-covered staircase.
  4937 | Ossuary  | Entered an ossuary
  5287 | Ossuary  | Learned a level 3 spell: Tukima's Dance
  6013 | D:4      | Identified the +1 ring mail "Diapt" {Rampage Str+2 Dex+3
                  | Stlth+}
  6015 | D:4      | Noticed Edmund
  6327 | D:4      | Found a staircase to the Ecumenical Temple.
  6346 | D:4      | Reached skill level 7 in Stealth
  6346 | D:4      | Reached XP level 7. HP: 22/30 MP: 8/11
  6366 | Temple   | Entered the Ecumenical Temple
  6629 | Temple   | Became a worshipper of Dithmenos the Shadowed
  7332 | D:4      | Killed Edmund
  7460 | D:5      | Entered Level 5 of the Dungeon
  7551 | D:5      | Reached skill level 8 in Stealth
  8188 | D:5      | Reached skill level 9 in Stealth
  8456 | D:5      | Reached skill level 10 in Stealth
  8591 | D:5      | Noticed Pikel
  8636 | D:5      | Killed Pikel
  8637 | D:5      | Reached skill level 5 in Dodging
  8637 | D:5      | Reached XP level 8. HP: 21/34 MP: 0/12
  9629 | D:6      | Reached XP level 9. HP: 38/39 MP: 0/13
  9635 | D:6      | Reached * piety under Dithmenos
  9786 | D:6      | Reached skill level 5 in Unarmed Combat
  9813 | D:6      | Reached skill level 5 in Fighting
 10663 | D:7      | Found a flagged portal.
 10761 | Bailey   | Entered a bailey
 11239 | D:8      | Reached XP level 10. HP: 23/46 MP: 5/14
 11475 | D:8      | Reached ** piety under Dithmenos
 11526 | D:8      | Noticed Erica
 11822 | D:8      | Reached skill level 10 in Dodging
 12124 | D:8      | Found a glowing silver altar of Zin.
 12812 | D:9      | Noticed a two-headed ogre
 12884 | D:9      | Killed a two-headed ogre
 12885 | D:9      | Reached skill level 11 in Stealth
 13007 | D:9      | Reached skill level 12 in Stealth
 13245 | D:9      | Slain by an orc warrior
 13246 | D:9      | Reached XP level 9. HP: 0/43 MP: 8/13
 13473 | D:9      | Reached skill level 1 in Evocations
 13699 | D:9      | Found a staircase to the Orcish Mines.
 14908 | D:10     | Entered Level 10 of the Dungeon
 14958 | D:10     | Noticed a troll
 15200 | D:10     | Noticed Psyche
 15217 | D:10     | Killed Psyche
 15218 | D:10     | Reached XP level 10. HP: 32/47 MP: 14/17
 15242 | D:10     | Reached skill level 13 in Stealth
 15245 | D:10     | Noticed a two-headed ogre
 15268 | D:10     | Killed a two-headed ogre
 15317 | D:10     | Reached skill level 14 in Stealth
 15331 | D:10     | Noticed an elephant
 15348 | D:10     | Killed an elephant
 15547 | D:10     | Reached skill level 15 in Stealth
 15758 | D:10     | Noticed Urug
 15791 | D:10     | Killed Urug
 15878 | D:10     | Found a staircase to the Lair.
 16116 | D:11     | Reached *** piety under Dithmenos
 16120 | D:11     | Noticed a brown ugly thing
 16352 | D:11     | Found Wedweje's Weapon Boutique.
 16463 | D:11     | Killed a brown ugly thing
 16464 | D:11     | Reached XP level 11. HP: 45/50 MP: 14/18
 16520 | D:11     | Reached skill level 5 in Evocations
 16852 | D:11     | Learned a level 3 spell: Dazzling Flash
 17484 | Lair:1   | Entered Level 1 of the Lair of Beasts
 17734 | Lair:1   | Reached skill level 10 in Hexes
 17964 | Lair:1   | Noticed a five-headed hydra
 18136 | Lair:1   | Killed a five-headed hydra
 18971 | Lair:2   | Found a hole to the Spider Nest.
 18971 | Lair:2   | Noticed an orb spider
 18983 | Lair:2   | Killed an orb spider
 19037 | Lair:2   | Got the Collected Works on Companions
 19175 | Lair:2   | Noticed Maggie
 19243 | Lair:2   | Gained mutation: Your thick and shaggy fur keeps you warm.
                  | (AC +3, rC+) [Felid growth]
 19243 | Lair:2   | Reached XP level 12. HP: 37/55 MP: 2/19
 19368 | Lair:2   | Reached **** piety under Dithmenos
 19565 | Lair:2   | Killed Maggie
 20791 | Lair:3   | Found a sacrificial altar of Ru.
 20852 | Lair:3   | Noticed an ice dragon
 21336 | Lair:3   | Killed an ice dragon
 21351 | Lair:3   | Killed from afar by an electric eel
 21352 | Lair:3   | Reached XP level 11. HP: -3/53 MP: 10/18
 21670 | Lair:4   | Noticed an eight-headed hydra
 21679 | Lair:4   | Killed an eight-headed hydra
 21680 | Lair:4   | Reached skill level 16 in Stealth
 21756 | Lair:4   | Noticed a seven-headed hydra
 22352 | Lair:4   | Reached skill level 17 in Stealth
 22366 | Lair:4   | Noticed a seven-headed hydra
 22538 | Lair:4   | Killed a seven-headed hydra
 22811 | Lair:4   | Reached XP level 12. HP: 36/57 MP: 16/19
 23848 | Lair:4   | Reached ***** piety under Dithmenos
 24196 | Lair:4   | Killed a seven-headed hydra
 24321 | Lair:4   | Noticed a six-headed hydra
 24325 | Lair:4   | Killed a six-headed hydra
 24337 | Lair:4   | Found a staircase to the Shoals.
 24583 | Lair:5   | Reached skill level 10 in Unarmed Combat
 25012 | Lair:5   | Found a staircase to the Slime Pits.
 25576 | Lair:6   | Entered Level 6 of the Lair of Beasts
 25591 | Lair:6   | Noticed a five-headed hydra
 25599 | Lair:6   | Killed a five-headed hydra
 25853 | Lair:6   | Noticed a death yak
 25855 | Lair:6   | Noticed a death yak
 25855 | Lair:6   | Noticed a death yak
 25856 | Lair:6   | Noticed a death yak
 25860 | Lair:6   | Killed a death yak
 25861 | Lair:6   | Reached XP level 13. HP: 60/60 MP: 20/20
 26955 | Lair:6   | Found a runed translucent gate.
 26955 | Lair:6   | Found a runed translucent gate.
 26958 | Lair:6   | Found a runed translucent gate.
 26960 | Lair:6   | Noticed styxcanada's ghost (journeyman SpBr)
 27237 | Lair:6   | Reached skill level 18 in Stealth
 27794 | Lair:6   | Reached skill level 19 in Stealth
 28176 | Lair:6   | Found a runed translucent door.
 28176 | Lair:6   | Noticed a fire dragon
 28178 | Lair:6   | Killed a fire dragon
 28713 | Lair:6   | Reached ****** piety under Dithmenos
 29120 | Orc:1    | Entered Level 1 of the Orcish Mines
 29120 | Orc:1    | Noticed Maurice
 29120 | Orc:1    | Found a frozen archway.
 29151 | Orc:1    | HP: 1/60 [ogre/+0 giant spiked club (23)]
 29328 | D:9      | Killed Maurice
 29378 | IceCv    | Entered an ice cave
 29441 | IceCv    | Reached XP level 14. HP: 49/64 MP: 18/21
 30169 | Orc:1    | Noticed an orc warlord
 30204 | Orc:1    | Reached skill level 15 in Hexes
 31089 | Orc:1    | Killed an orc warlord
 31230 | Orc:2    | Entered Level 2 of the Orcish Mines
 31472 | Orc:2    | Found a staircase to the Elven Halls.
 31479 | Orc:2    | Noticed an orc warlord
 31570 | Orc:2    | Killed an orc warlord
 31571 | Orc:2    | Reached skill level 10 in Evocations
 31820 | Orc:2    | Noticed an orc warlord
 31981 | Orc:2    | Killed an orc warlord
 33125 | Orc:2    | Reached skill level 15 in Dodging
 33220 | Orc:2    | Reached skill level 10 in Fighting
 33633 | Orc:2    | Found Volopn's General Store.
 33634 | Orc:2    | Found Xitsodaa's Jewellery Shop.
 33636 | Orc:2    | Found Veofreol's Antique Armour Boutique.
 33636 | Orc:2    | Found Joitieq's Antique Weapon Boutique.
 33641 | Orc:2    | Bought a potion of heal wounds for 75 gold pieces
 33643 | Orc:2    | Bought an amulet of magic regeneration for 300 gold pieces
 35128 | D:13     | Mangled by a two-headed ogre
 35129 | D:13     | Reached XP level 13. HP: -6/61 MP: 20/20
 35455 | D:13     | Found a flickering gateway to a bazaar.
 35467 | Bazaar   | Entered a bazaar
 35476 | Bazaar   | Found Ewealy's Jewellery Emporium.
 35476 | Bazaar   | Found Taezxymnimn's Book Shoppe.
 35483 | Bazaar   | Bought an amulet of regeneration for 300 gold pieces
 35483 | Bazaar   | Bought a ring of protection from fire for 250 gold pieces
 35483 | Bazaar   | Bought a ring of protection from cold for 250 gold pieces
 35483 | Bazaar   | Bought a ring of poison resistance for 200 gold pieces
 35497 | Bazaar   | Bought an Inescapable Atlas for 442 gold pieces
 35500 | Bazaar   | Learned a level 2 spell: Blink
 35561 | D:13     | Reached skill level 1 in Translocations
 35637 | D:13     | Found a gate to the Vaults.
 36096 | D:13     | Reached skill level 5 in Translocations
 36171 | D:14     | Reached XP level 14. HP: 66/66 MP: 18/21
 36210 | D:14     | Reached skill level 5 in Spellcasting
 36340 | D:14     | HP: 1/66 [tengu warrior/+0 glaive[a tengu conjurer] (3)]
 36341 | D:14     | Demolished by a tengu warrior
 36342 | D:14     | Reached XP level 13. HP: -15/61 MP: 15/21
 36834 | D:15     | Entered Level 15 of the Dungeon
 36834 | D:15     | Found a radiant altar of Vehumet.
 36840 | D:15     | Found a staircase to the Depths.
 36840 | D:15     | Noticed an ettin
 36927 | D:15     | Shot with an arrow by a centaur

Illustrated notes

Levels and vault maps discovered:
D:1:      dpeg_arrival_long_road, layout_basic
D:2:      layout_loops_corners, uniq_jessica
D:3:      layout_loops_corners, st_stairs_13, uniq_natasha
D:4:      layout_basic, minmay_temple_entry_glass, enter_ossuary_3, uniq_edmund
D:5:      layout_loops_ring, hangedman_decor_push, uniq_pikel
D:6:      layout_loops_cross
D:7:      layout_rooms, enter_bailey_7, kennysheep_donut, columned_hall_lemuel
D:8:      layout_basic, mainiacjoe_overflow_alcove_1, lightli_orcish_oven,
          uniq_erica
D:9:      layout_irregular_city, erik_orc_2, minmay_misc_feat_columns
D:10:     layout_loops_ring, david_lair_generic, uniq_psyche, uniq_urug
D:11:     layout_cave_pools, serial_shops, kennysheep_mini,
          serial_bayou_crossing
D:12:     layout_irregular_city
D:13:     layout_irregular_city, david_vaults_1, serial_shops, bzr_firewalk
D:14:     layout_roguey
D:15:     hangedman_depths_entry_civil_slaughter, layout_long_grid,
          gammafunk_ghost_split, fiery_altar_vehumet
Temple:   mainiacjoe_temple_starburst
Lair:1:   layout_cave_pods, chequers_serial_rivers_large_a, st_stairs_10
Lair:2:   layout_cave_pods, nicolae_spider_entry_orb_guardian,
          beast_lair_carwin_3, uniq_maggie
Lair:3:   dragon1_lemuel, layout_regular_city, basic_altar
Lair:4:   layout_regular_city, elwin_shoals_entry_rooms, grunt_megastairs_2
Lair:5:   minmay_lair_venomous_thicket, layout_cave_shapes,
          minmay_slime_entry_eyes, grunt_megastairs_5
Lair:6:   wormcave, layout_regular_city, hangedman_lair_caniforms_friends,
          gammafunk_ghost_hydra_chop, grunt_megastairs_3
Orc:1:    layout_caves, special_room [special_room_orc],
          portal_ice_cave_entry_pillars_2, lemuel_statue_altar,
          nicolae_orc_sculptors_studio, uniq_maurice
Orc:2:    st_orc_congregation, layout_caves

Skill      XL: |  1  2  3  4  5  6  7  8  9 10 11 12 13 14 |
---------------+-------------------------------------------+-----
Hexes          | 5 6 7 8 12 13 14 15 | 15.1
Stealth        | 5 6 7 10 15 17 19 | 19.0
Fighting       | 1 2 3 4 6 7 8 9 10 | 10.0
Unarmed Combat | 2 3 4 6 7 8 11 12 | 12.3
Dodging        | 4 5 7 9 10 11 13 16 15 | 16.0
Evocations     | 2 4 6 8 10 | 10.1
Spellcasting   | 4 5 |  5.1
Translocations | 5 |  5.0

Action                   |  1- 3 |  4- 6 |  7- 9 | 10-12 | 13-15 || total
-------------------------+-------+-------+-------+-------+-------++-------
Melee: Unarmed           |    56 |   230 |   406 |   632 |   701 ||  2025
       Bite              |     5 |    30 |    58 |    82 |    89 ||   264
       Punch             |     1 |     4 |    17 |    27 |    50 ||    99
 Cast: Ensorcelled Hiber |    14 |    20 |    24 |   146 |   165 ||   369
       Confusing Touch   |       |    14 |    37 |    51 |    65 ||   167
       Tukima's Dance    |       |       |    13 |     8 |     9 ||    30
       Dazzling Flash    |       |       |       |    22 |     6 ||    28
       Blink             |       |       |       |       |     1 ||     1
Evoke: Wand              |       |       |       |     5 |    10 ||    15
       Lightning rod     |       |       |       |     2 |       ||     2
  Use: Scroll            |       |    12 |       |     3 |    13 ||    28
       Potion            |       |     2 |       |     2 |     2 ||     6
 Stab: Sleeping          |    15 |    15 |    32 |   106 |   155 ||   323
       Distracted        |     2 |     2 |     2 |     2 |     4 ||    12
       Confused          |       |     6 |    29 |    44 |    50 ||   129
       Invisible         |       |       |       |    21 |     5 ||    26
Armor: Skin              |       |    11 |     8 |    24 |    19 ||    62
Dodge: Dodged            |    34 |   168 |   352 |   610 |   735 ||  1899
Block: Other             |       |       |       |     1 |   118 ||   119
       Reflection        |       |       |       |       |     6 ||     6
